 Dungeon Crawl Stone Soup version 0.26.1-2-gb8aa6d0cf2 (webtiles) character file.

Game seed: 1753783745953166147

126 Gaust the Grasshopper (level 5, 0/43 HPs)
             Began as a Gnoll Warper on Feb 9, 2021.
             Succumbed to Edmund's poison
             ... on level 4 of the Dungeon.
             The game lasted 00:24:55 (2450 turns).

Gaust the Grasshopper (Gnoll Warper)                Turns: 2450, Time: 00:24:56

Health: 0/43       AC:  8    Str: 15    XL:     5   Next: 9%
Magic:  12/12      EV: 13    Int: 15    God:
Gold:   125        SH:  0    Dex: 14    Spells: 14/14 levels left

rFire    . . .     SeeInvis .   a - +0 hand axe
rCold    . . .     Faith    +   (no shield)
rNeg     . . .     Spirit   .   f - +1 ring mail
rPois    .         Reflect  .   m - +0 helmet (curse)
rElec    .         Harm     .   (no cloak)
rCorr    .         Rampage  .   c - +0 pair of gloves
Will     .....                  (no boots)
Stlth    +.........             k - amulet of faith
HPRegen  0.14/turn              (no ring)
MPRegen  0.13/turn              (no ring)

@: lethally poisoned (0 -> -3), attractive
A: distributed training, fangs 1, strong nose
a: no special abilities


You were on level 4 of the Dungeon.
You visited 1 branch of the dungeon, and saw 4 of its levels.

You collected 125 gold pieces.

Inventory:

Hand Weapons
 a - a +0 hand axe (weapon)
 p - a +1 dagger of venom
Missiles
 e - 3 boomerangs of dispersal (quivered)
 h - 10 poisoned darts
Armour
 b - a +0 leather armour
 c - a +0 pair of gloves (worn)
 f - a +1 ring mail (worn)
 m - a cursed +0 helmet (worn)
 n - a +1 helmet
Jewellery
 k - an amulet of faith (around neck)
Wands
 u - a wand of polymorph (3)
Scrolls
 g - 2 scrolls of identify
 l - 3 scrolls of teleportation {unknown}
 q - a scroll of magic mapping {unknown}
 r - a scroll of immolation {unknown}
Potions
 j - a potion of magic {unknown}
 o - a potion of degeneration {unknown}
 t - a potion of curing {unknown}


   Skills:
 + Level 4.7 Fighting
 + Level 1.3 Short Blades
 + Level 1.3 Long Blades
 + Level 4.7 Axes
 + Level 1.3 Maces & Flails
 + Level 1.3 Polearms
 + Level 1.3 Staves
 + Level 1.3 Slings
 + Level 1.3 Bows
 + Level 1.3 Crossbows
 + Level 2.9 Throwing
 + Level 2.9 Armour
 + Level 4.7 Dodging
 + Level 1.3 Stealth
 + Level 1.3 Shields
 + Level 1.3 Unarmed Combat
 + Level 5.1 Spellcasting
 + Level 1.1 Conjurations
 + Level 1.1 Hexes
 + Level 1.1 Summonings
 + Level 1.1 Necromancy
 + Level 5.5 Translocations
 + Level 1.1 Transmutations
 + Level 1.1 Fire Magic
 + Level 1.1 Ice Magic
 + Level 1.1 Air Magic
 + Level 1.1 Earth Magic
 + Level 1.1 Poison Magic
 + Level 1.5 Invocations
 + Level 1.3 Evocations


You had 14 spell levels left.
You didn't know any spells.
Your spell library contained the following spells:

 Spells                   Type           Power        Failure   Level
 Blink                    Tloc           N/A          4%          2
 Gell's Gravitas          Tloc           10%          10%         3
 Lesser Beckoning         Tloc           10%          10%         3
 Teleport Other           Tloc           20%          10%         3
 Passage of Golubria      Tloc           N/A          32%         4


Dungeon Overview and Level Annotations

Branches:
Dungeon (4/15)
 Temple: D:4-7

Altars:
Ashenzari
Trog

Annotations:
D:4 Edmund


Innate Abilities, Weirdness & Mutations

Your experience applies equally to all skills.
You have very sharp teeth.
Your uncanny sense of smell can sniff out nearby items.


Message History

* * * LOW HITPOINT WARNING * * *
You feel sick.
* * * LOW HITPOINT WARNING * * *
You feel sick.
Found 11 gold pieces.
It was a potion of attraction.
You feel attractive to monsters.
* * * LOW HITPOINT WARNING * * *
You feel sick. Edmund is pulled toward you! The quokka is pulled toward you!
Throw: 4 boomerangs (disperse)
Press: ? - help, Shift-Dir - straight line, f - quokka
Aim: a quokka (51% to hit)
You throw a boomerang of dispersal.
The boomerang of dispersal hits the quokka.
The quokka blinks!
You kill the quokka!
Edmund is pulled toward you!
You hit Edmund but do no damage.
Edmund is moderately wounded.
You die...

### $.. #.# #.# #.#.#
#.#.####### #.#........ #.
#.#@....... #. #.#@.......
#.######.#........
#........#........
#.................
#.......#.########
####................#####
.........................
...####.#.†.#........#.#####


You could see Edmund.

Vanquished Creatures
  Natasha (D:3)
  3 adders
  An ooze (D:1)
  A worm (D:2)
  2 dart slugs (D:1)
  3 leopard geckos
  3 orcs (D:3)
  3 giant cockroaches
  11 goblins
  8 hobgoblins
  3 quokkas
  7 bats
  5 frilled lizards
  2 rats
53 creatures vanquished.

Notes
Turn   | Place    | Note
-------+----------+-------------------------------------------
     0 | D:1      | Gaust the Gnoll Warper began the quest for the Orb.
     0 | D:1      | Reached XP level 1. HP: 20/20 MP: 6/6
    71 | D:1      | Reached XP level 2. HP: 25/26 MP: 7/7
   802 | D:2      | Reached XP level 3. HP: 31/31 MP: 9/9
   810 | D:2      | Reached skill level 5 in Spellcasting
   872 | D:2      | Found a bloodstained altar of Trog.
  1017 | D:2      | Reached skill level 1 in Invocations
  1025 | D:2      | Found a broken altar of Ashenzari.
  1137 | D:2      | Reached skill level 1 in Short Blades
  1137 | D:2      | Reached skill level 1 in Long Blades
  1137 | D:2      | Reached skill level 1 in Maces & Flails
  1137 | D:2      | Reached skill level 1 in Polearms
  1137 | D:2      | Reached skill level 1 in Staves
  1137 | D:2      | Reached skill level 1 in Slings
  1137 | D:2      | Reached skill level 1 in Bows
  1137 | D:2      | Reached skill level 1 in Crossbows
  1137 | D:2      | Reached skill level 1 in Stealth
  1137 | D:2      | Reached skill level 1 in Shields
  1137 | D:2      | Reached skill level 1 in Unarmed Combat
  1137 | D:2      | Reached skill level 1 in Evocations
  1488 | D:3      | Reached XP level 4. HP: 34/38 MP: 11/11
  1856 | D:3      | Noticed Natasha
  1867 | D:3      | Killed Natasha
  1868 | D:3      | Reached skill level 1 in Conjurations
  1868 | D:3      | Reached skill level 1 in Hexes
  1868 | D:3      | Reached skill level 1 in Summonings
  1868 | D:3      | Reached skill level 1 in Necromancy
  1868 | D:3      | Reached skill level 1 in Transmutations
  1868 | D:3      | Reached skill level 1 in Fire Magic
  1868 | D:3      | Reached skill level 1 in Ice Magic
  1868 | D:3      | Reached skill level 1 in Air Magic
  1868 | D:3      | Reached skill level 1 in Earth Magic
  1868 | D:3      | Reached skill level 1 in Poison Magic
  1926 | D:3      | Reached XP level 5. HP: 33/43 MP: 12/12
  2409 | D:4      | Noticed Edmund
  2444 | D:4      | HP: 2/43 [poisoned by Edmund]
  2450 | D:4      | Succumbed to Edmund's poison

Illustrated notes

Levels and vault maps discovered:
D:1:      minmay_arrival_radiant_lines, layout_basic
D:2:      layout_rooms, nicolae_ashenzari_panopticon, general_overflow_altar
D:3:      layout_basic, amethyst_killhole, uniq_natasha
D:4:      layout_basic, nicolae_overflow_hidden_temple, dancing_weapons_uskayaw,
          sigmund_army, uniq_edmund

Skill      XL: |  1  2  3  4 |
---------------+-------------+-----
Spellcasting   | 5 |  5.1
Invocations    | 1 |  1.5
Short Blades   | 1 |  1.3
Long Blades    | 1 |  1.3
Maces & Flails | 1 |  1.3
Polearms       | 1 |  1.3
Staves         | 1 |  1.3
Slings         | 1 |  1.3
Bows           | 1 |  1.3
Crossbows      | 1 |  1.3
Stealth        | 1 |  1.3
Shields        | 1 |  1.3
Unarmed Combat | 1 |  1.3
Evocations     | 1 |  1.3
Conjurations   | 1 |  1.1
Hexes          | 1 |  1.1
Summonings     | 1 |  1.1
Necromancy     | 1 |  1.1
Transmutations | 1 |  1.1
Fire Magic     | 1 |  1.1
Ice Magic      | 1 |  1.1
Air Magic      | 1 |  1.1
Earth Magic    | 1 |  1.1
Poison Magic   | 1 |  1.1
Fighting       | |  4.7
Axes           | |  4.7
Throwing       | |  2.9
Armour         | |  2.9
Dodging        | |  4.7
Translocations | |  5.5

Action                   |  1- 3 |  4- 6 || total
-------------------------+-------+-------++-------
Melee: Hand axe          |   122 |    91 ||   213
       Bite              |    17 |     9 ||    26
Throw: Boomerang         |       |     2 ||     2
       Dart              |       |     1 ||     1
  Use: Scroll            |     5 |     1 ||     6
       Potion            |       |     2 ||     2
Armor: Ring mail         |    41 |    40 ||    81
Dodge: Dodged            |    68 |    59 ||   127
